Map: Terraform LE (Void)

Players

MarkTeufel

  • Race: Zerg Zerg
  • League: Silver

wabbajack - Winner!

  • Race: Zerg Zerg
  • League: Gold

VOD

Have the link to the VOD?

Description

Time

  • Played on: July 22, 2015, 3:09 a.m.
  • Length: 8:17
Show
View Real Time Build Order
Export as new Build Order

MarkTeufel Zerg 

Build Orders: Pool First 

Get SALT Encoding   

  12  0:08  Overlord  
  12  0:13  Drone  
  13  0:17  Drone  
  14  0:27  Drone  
  15  0:33  Drone  
  16  0:42  Drone  
  17  0:43  Extractor  
  17  0:49  Spawning Pool  
  15  0:52  Drone  
  16  1:07  Drone  
  17  1:19  Hatchery  
  17  1:23  Drone  
  17  1:25  Drone  
  18  1:37  Queen  
  20  1:44  Metabolic Boost  
  20  1:54  Overlord  
  20  1:58  Drone  
  21  2:08  Baneling Nest  
  20  2:09  Drone  
  21  2:16  Queen  
  21  2:22  Zergling x4  
  25  2:29  Zergling x2  
  26  2:35  Zergling x2  
  27  2:44  Zergling x4  
  29  2:54  Burrow  
  29  3:02  Drone  
  29  3:05  Drone  
  31  3:06  Drone  
  31  3:09  Drone  
  31  3:10  Drone  
  31  3:11  Drone  
  32  3:34  Drone  
  32  3:36  Extractor  
  32  3:37  Overlord  
  29  3:57  Drone x3  
  32  4:11  Lair  
  32  4:14  Zergling x2  
  32  4:15  Zergling x4, Extractor  
  32  4:16  Zergling x12  
  40  4:18  Drone x3  
  40  4:22  Overlord x2  
  43  4:33  Drone  
  42  4:51  Spine Crawler  
  42  4:52  Spine Crawler  
  34  4:53  Spine Crawler  
  34  4:54  Zergling x2  
  34  4:55  Extractor, Spine Crawler, Zergling x6  
  34  4:56  Zergling x8  
  34  4:58  Zergling x2  
  39  5:01  Zergling x2  
  39  5:03  Zergling x2  
  39  5:04  Zergling x2  
  42  5:07  Zergling x2  
  42  5:10  Zergling x2  
  42  5:11  Zergling x2  
  38  5:33  Zergling x16  
  39  5:46  Zergling x12  
  42  5:59  Zergling x6  
  35  6:16  Zergling x10  
  36  6:21  Zergling x4  
  36  6:26  Spire  
  36  6:28  Queen  
  36  6:30  Zergling x2  
  34  6:45  Zergling x8  
  34  6:49  Queen  
  34  6:53  Zergling x6  
  35  7:05  Drone x3  
  27  7:15  Zergling x4  
  27  7:18  Drone x15  
Show
View Real Time Build Order
Export as new Build Order

wabbajack Zerg - Winner!

Build Orders: Hatch First 

Get SALT Encoding   

  12  0:01  Drone  
  13  0:14  Overlord  
  13  0:19  Drone  
  14  0:25  Extractor  
  14  0:26  Drone  
  15  0:34  Drone  
  16  0:37  Drone  
  17  0:47  Drone  
  18  0:58  Hatchery  
  18  1:00  Extractor  
  18  1:01  Drone  
  17  1:18  Spawning Pool  
  16  1:25  Drone  
  16  1:26  Drone  
  18  1:33  Drone  
  19  1:59  Overlord  
  19  2:05  Queen  
  22  2:08  Zergling x2  
  22  2:11  Drone  
  22  2:12  Queen  
  22  2:14  Metabolic Boost  
  25  2:16  Drone  
  25  2:17  Drone  
  27  2:38  Roach Warren  
  26  2:48  Drone  
  26  2:49  Drone  
  28  2:51  Drone  
  28  2:53  Drone  
  30  3:00  Spine Crawler  
  29  3:07  Drone  
  29  3:08  Overlord  
  29  3:09  Overlord, Spine Crawler  
  28  3:30  Queen  
  30  3:40  Roach  
  40  3:41  Roach x4  
  40  3:42  Roach  
  39  3:59  Roach x4  
  39  4:01  Roach  
  49  4:17  Overlord  
  49  4:18  Overlord  
  49  4:23  Drone  
  50  4:26  Roach  
  52  4:35  Overlord  
  52  4:38  Drone x2  
  54  4:40  Zergling x4  
  54  4:41  Zergling x4  
  54  4:42  Zergling x2  
  57  4:59  Zergling x2  
  58  5:00  Zergling x6  
  58  5:06  Zergling x2  
  66  5:07  Zergling x8  
  66  5:08  Zergling x2  
  68  5:14  Ravager  
  61  5:40  Ravager  
  61  5:42  Ravager  
  54  6:10  Zergling x14  
  54  6:11  Zergling x12  
  60  6:19  Lair  
  60  6:20  Hatchery  
  60  6:21  Extractor  
  49  7:05  Drone  
  49  7:06  Drone x6  
  49  7:07  Drone  
  49  7:08  Zergling x12  
  57  7:25  Hatchery  
  56  7:31  Zergling x8  
  56  7:39  Roach x8  
  72  8:00  Spore Crawler x2  
  72  8:02  Spore Crawler  
  72  8:05  Spore Crawler x2  
  68  8:06  Spore Crawler  
  68  8:08  Spore Crawler  
  68  8:10  Spore Crawler  
Tags
 
Add a new tag
Caveats
  • Supply blocks, unpowered buildings, or Contaminate may cause inaccurate times.
  • Supply counts are checked every 10 seconds.